 Dungeon Crawl Stone Soup version 0.22.1-2-g9c5b331 (webtiles) character file.

240 r1zzb the Chopper (level 5, 0/47 HPs)
             Began as a Minotaur Fighter on Nov 30, 2018.
             Was an Initiate of Trog.
             Killed from afar by an orc wizard (10 damage)
             ... with a magic dart
             ... on level 4 of the Dungeon.
             The game lasted 00:31:49 (2912 turns).

r1zzb the Chopper (Minotaur Fighter)                Turns: 2912, Time: 00:31:49

Health: 0/47       AC:  8    Str: 22    XL:     5   Next: 79%
Magic:  4/4        EV:  8    Int:  5    God:    Trog [......]
Gold:   118        SH:  9    Dex:  9    Spells: 4/4 levels left

rFire    + . .     SeeInvis .   a - +0 war axe
rCold    x . .     Gourm    .   c - +0 shield
rNeg     . . .     Faith    .   b - +0 scale mail
rPois    .         Spirit   .   (helmet restricted)
rElec    .         Reflect  .   (no cloak)
rCorr    .         Harm     .   s - +0 pair of gloves (curse)
MR       .....                  (no boots)
Stlth    ..........             (no amulet)
HPRegen  0.15/turn              p - ring of fire
MPRegen  0.09/turn              (no ring)

@: no status effects
A: retaliatory headbutt, horns 2
a: Renounce Religion


You were on level 4 of the Dungeon.
You worshipped Trog.
Trog was noncommittal.
You were not hungry.

You visited 1 branch of the dungeon, and saw 4 of its levels.

You collected 118 gold pieces.

Inventory:

Hand Weapons
 a - a +0 war axe (weapon)
 g - a +0 club {shit}
Armour
 b - a +0 scale mail (worn)
 c - a +0 shield (worn)
 j - a +0 ring mail
 s - a cursed +0 pair of gloves (worn)
Jewellery
 p - a ring of fire (left hand)
 u - an uncursed ring of fire
Wands
 q - a wand of random effects (39)
Scrolls
 h - 2 scrolls of identify {unknown}
 k - 2 scrolls of teleportation {unknown}
 m - 2 scrolls of amnesia {unknown}
 n - 3 scrolls of remove curse {unknown}
 o - a scroll of blinking {unknown}
 v - a scroll of magic mapping {unknown}
Potions
 d - 2 potions of might
 e - a potion of resistance {unknown}
 i - a potion of curing
 l - a potion of heal wounds {unknown}
 t - a potion of mutation {unknown}
Comestibles
 f - 6 rations
 r - 3 chunks of flesh


   Skills:
 + Level 4.5 Fighting
 + Level 4.9 Axes
 + Level 4.7 Armour
 + Level 1.1 Dodging
 + Level 0.1 Stealth
 + Level 4.8 Shields


You had 4 spell levels left.
You didn't know any spells.
Your spell library was empty.

Dungeon Overview and Level Annotations

Branches:
Dungeon (4/15)
 Temple: D:4-7

Altars:
Ashenzari
Makhleb
Qazlal
Trog
Yredelemnul
Zin


Innate Abilities, Weirdness & Mutations

You reflexively headbutt those who attack you in melee.
You have a pair of horns on your head.


Message History

You block something's attack.
You are too injured to fight recklessly!
It was a potion of curing.
You feel better.
The orc wizard gestures wildly while chanting.
The orc wizard blinks!
Something hits you but does no damage.
Your shield and scale mail prevent you from hitting something.
You headbutt something. Trog accepts your kill.
Trog appreciates your killing of a magic user.
Reactivating autopickup.
You feel a bit more experienced.
The orc wizard gestures at you while chanting.
The magic dart hits you!
* * * LOW HITPOINT WARNING * * *
You block the orc wizard's attack.
You closely miss the orc wizard.
You headbutt the orc wizard, but do no damage.
The orc wizard casts a spell at you. The magic dart hits you!
You die...

####..#.#....... ..
.....#.#.....## #.
#.###.#.##....## #. #
#.........## .## #
###......### # ..#.#
#####.## # #.##.#.# ##+##
# #...o..# ##...### #@###
##.....## #.#.##
##.......#
$#######)...####......<..
.oo............'.........
.#######....####..>...(..
#.#.## ##.......# #.###
##.....## #.# ##...## #.#
##+##


You could see an orc wizard.

Vanquished Creatures
  A howler monkey (D:2)
  An orc wizard (D:4)
  An orc priest (D:4)
  A hound (D:2)
  Crazy Yiuf (D:3)
  2 hound skeletons (D:4)
  An adder (D:2)
  An ooze (D:1)
  A worm (D:2)
  A leopard gecko (D:1)
  3 orcs
  8 bats
  A giant cockroach (D:3)
  3 goblins
  5 hobgoblins
  A quokka (D:3)
  A ball python (D:4)
  4 frilled lizards
  5 kobolds
  A leopard gecko skeleton (D:2)
  7 rats
50 creatures vanquished.

Notes
Turn   | Place    | Note
-------+----------+-------------------------------------------
     0 | D:1      | r1zzb the Minotaur Fighter began the quest for the Orb.
     0 | D:1      | Reached XP level 1. HP: 19/19 MP: 0/0
   122 | D:1      | Reached XP level 2. HP: 26/27 MP: 1/1
   764 | D:2      | Reached XP level 3. HP: 8/33 MP: 2/2
   918 | D:2      | Reached XP level 4. HP: 25/41 MP: 3/3
  1230 | D:2      | Found a glowing silver altar of Zin.
  1632 | D:2      | Found a bloodstained altar of Trog.
  1641 | D:2      | Became a worshipper of Trog the Wrathful
  1961 | D:3      | Found a runed door.
  2373 | D:3      | Found a burning altar of Makhleb.
  2375 | D:3      | Noticed an Executioner
  2451 | D:3      | Found a shattered altar of Ashenzari.
  2641 | D:3      | Noticed Crazy Yiuf
  2647 | D:3      | Killed Crazy Yiuf
  2647 | D:3      | Reached XP level 5. HP: 37/47 MP: 0/4
  2712 | D:4      | Found a basalt altar of Yredelemnul.
  2792 | D:4      | Reached skill level 1 in Dodging
  2837 | D:4      | Found a stormy altar of Qazlal.
  2912 | D:4      | Killed from afar by an orc wizard

Skill      XL: |  1  2  3  4  5 |
---------------+----------------+-----
Shields        | 4 |  4.8
Fighting       | 4 |  4.5
Axes           | 3 4 |  4.9
Armour         | 4 |  4.7
Dodging        | 1 |  1.1
Stealth        | |  0.1

Action                   |  1- 3 |  4- 6 || total
-------------------------+-------+-------++-------
Melee: War axe           |    40 |    68 ||   108
       Headbutt          |     5 |    12 ||    17
  Use: Potion            |       |     1 ||     1
  Eat: Chunk             |       |     6 ||     6
Armor: Scale mail        |    19 |    28 ||    47
Dodge: Dodged            |    18 |    26 ||    44
Block: Shield            |    19 |    36 ||    55
